 Dungeon Crawl Stone Soup version 0.30.0 (webtiles) character file.

Game seed: 9430796919638027248

186 pablito the Shooter (level 5, -2/29 HPs)
             Began as a Kobold Hexslinger on May 5, 2023.
             Was a Believer of Zin.
             Slain by a scorpion (5 damage)
             ... on level 3 of the Dungeon on May 7, 2023.
             The game lasted 00:18:36 (2410 turns).

pablito the Shooter (Kobold Hexslinger)             Turns: 2410, Time: 00:18:37

Health: -2/29      AC:  4    Str:  7    XL:     5   Next: 97%
Magic:  8/8        EV: 15    Int: 15    God:    Zin [**....]
Gold:   133        SH:  0    Dex: 17    Spells: 7/8 levels left

rFire   . . .        a - +1 sling
rCold   . . .        (no shield)
rNeg    . . .        c - +0 robe
rPois   .            (no helmet)
rElec   .            k - +1 cloak {Stlth+}
rCorr   .            (no gloves)
SInv    .            (no boots)
Will    .....        (no amulet)
Stlth   ++++         (no ring)
HPRegen 0.24/turn    (no ring)
MPRegen 0.11/turn

%: no passive effects
@: lethally poisoned (-2 -> -11)
A: small, no large weapons, nightstalker 3
a: Renounce Religion, Recite, Vitalisation, Donate Gold


You were on level 3 of the Dungeon.
You worshipped Zin.
Zin was pleased with you.
You visited 1 branch of the dungeon, and saw 3 of its levels.

You collected 147 gold pieces.
You donated 14 gold pieces to Zin.

Inventory:

Hand Weapons
 a - a +1 sling (weapon)
Armour
 c - a +0 robe (worn)
 k - a +1 cloak of stealth (worn)
Scrolls
 b - a scroll of poison
 f - a scroll of amnesia {unknown}
 g - a scroll of teleportation {unknown}
 h - a scroll of blinking {unknown}
 j - a scroll of brand weapon {unknown}
 l - a scroll of immolation {unknown}
 m - a scroll of enchant armour {unknown}
 o - a scroll of acquirement {unknown}
 q - a scroll of torment {unknown}
Potions
 e - a potion of heal wounds {unknown}
 n - a potion of might {unknown}


   Skills:
 - Level 1.1 Fighting
 * Level 5.0 Ranged Weapons
 + Level 3.0 Dodging
 + Level 3.1 Stealth
 + Level 2.3 Spellcasting
 - Level 3.3 Hexes
 + Level 1.4 Invocations


You had 7 spell levels left.
You knew the following spells:

 Your Spells              Type           Power      Damage    Failure   Level
a - Slow                  Hex            44%        N/A       5%          1

Your spell library contained the following spells:

 Spells                   Type           Power      Damage    Failure   Level
 Dazzling Flash           Conj/Hex       12%        N/A       32%         3
 Inner Flame              Hex/Fire       6%         N/A       32%         3
 Portal Projectile        Hex/Tloc       12%        N/A       32%         3
 Cause Fear               Hex            5%         N/A       47%         4
 Volatile Blastmotes      Fire/Tloc      2%         2d10      54%         3
 Animate Armour           Summ/Erth      2%         N/A       91%         4
 Iskenderun's Mystic Bla  Conj/Tloc      1%         2d3       91%         4
 Blade Hands              Tmut           0%         N/A       99%         5
 Iron Shot                Conj/Erth      0%         9d1       100%        6
 Starburst                Conj/Fire      0%         6d3       100%        6


Dungeon Overview and Level Annotations

Branches:
Dungeon (3/15)

Altars:
Ru
Sif Muna
Zin


Innate Abilities, Weirdness & Mutations

You are small and have problems with some larger weapons.
You are completely attuned to the shadows.


Message History

Aim: a scorpion (severely wounded, 60% to hit)
You shoot a sling bullet.
The sling bullet barely misses the scorpion.
The scorpion stings you.
You are poisoned.
The scorpion poisons you!
Fire: a) +1 sling
Press: ? - help, Q - select action, (/) - cycle Shift-Dir - straight line, f/p - scorpion
Aim: a scorpion (heavily wounded, 60% to hit)
You shoot a sling bullet. The sling bullet hits the scorpion.
The scorpion is severely wounded.
You feel sick. The scorpion closely misses you. x2
Fire: a) +1 sling
Press: ? - help, Q - select action, (/) - cycle Shift-Dir - straight line, f/p - scorpion
Aim: a scorpion (severely wounded, 60% to hit)
You shoot a sling bullet.
The sling bullet hits the scorpion but does no damage.
The scorpion is severely wounded.
You feel sick. The scorpion completely misses you.
Fire: a) +1 sling
Press: ? - help, Q - select action, (/) - cycle Shift-Dir - straight line, f/p - scorpion
Aim: a scorpion (severely wounded, 60% to hit)
You shoot a sling bullet.
The sling bullet completely misses the scorpion.
You feel sick. The scorpion stings you.
You are more poisoned.
The scorpion poisons you!
Fire: a) +1 sling
Press: ? - help, Q - select action, (/) - cycle Shift-Dir - straight line, f/p - scorpion
Aim: a scorpion (severely wounded, 60% to hit)
You shoot a sling bullet. The sling bullet hits the scorpion.
The scorpion is almost dead.
You feel very sick.
The scorpion stings you but does no damage.
The scorpion stings you. The scorpion attacks as you move away!
The scorpion stings you.
* * * LOW HITPOINT WARNING * * *
x2 You feel sick.
The scorpion attacks as you move away! The scorpion stings you.
You die...

#.# #.# #.#
#.# #.###
#####...#
........#
####....#####
#....@s....
##....##...
##...# ##
#.... #.#.##


You could see a scorpion.

Vanquished Creatures
  A scorpion (D:3)
  2 orc wizards (D:3)
  An adder (D:2)
  A worm (D:3)
  4 dart slugs
  2 orcs (D:3)
  4 ball pythons
  4 endoplasms
  A giant cockroach (D:2)
  6 goblins
  3 hobgoblins
  5 jackals
  7 kobolds
  A quokka (D:3)
  8 bats
  6 frilled lizards
  6 rats
62 creatures vanquished.

Notes
Turn   | Place    | Note
-------+----------+-------------------------------------------
     0 | D:1      | pablito the Kobold Hexslinger began the quest for the Orb.
     0 | D:1      | Reached XP level 1. HP: 12/12 MP: 2/2
    79 | D:1      | Reached skill level 3 in Ranged Weapons
    86 | D:1      | Reached XP level 2. HP: 15/16 MP: 3/3
   115 | D:1      | Reached skill level 1 in Stealth
   325 | D:1      | Reached XP level 3. HP: 18/20 MP: 5/5
   561 | D:1      | Found a faded altar of an unknown god.
   564 | D:1      | Prayed at the altar of an unknown god.
   564 | D:1      | Became a worshipper of Zin the Law-Giver
   564 | D:1      | Reached * piety under Zin
  1076 | D:2      | Reached ** piety under Zin
  1170 | D:2      | Reached XP level 4. HP: 25/25 MP: 6/6
  1303 | D:2      | Reached skill level 4 in Ranged Weapons
  1828 | D:3      | Found a sacrificial altar of Ru.
  1868 | D:3      | Noticed a scorpion
  1884 | D:3      | Reached XP level 5. HP: 13/29 MP: 8/8
  1895 | D:3      | HP: 1/29 [poisoned by a scorpion]
  2055 | D:3      | Found a shimmering blue altar of Sif Muna.
  2097 | D:3      | Reached skill level 1 in Invocations
  2106 | D:3      | Reached skill level 5 in Ranged Weapons
  2410 | D:3      | Slain by a scorpion

Illustrated notes

Levels and vault maps discovered:
D:1:      minmay_arrival_four_circles, layout_loops_cross,
          hellmonk_ecumenical_altar_defaced_shrine
D:2:      layout_basic
D:3:      layout_loops_corners, lemuel_blue_sif_altar, grunt_gozag_statues,
          nicolae_ru_sacrificial_ziggurat, uniq_ijyb

Skill      XL: |  1  2  3  4  5 |
---------------+----------------+-----
Ranged Weapons | 3 4 5 |  5.0
Stealth        | 1 2 3 |  3.1
Spellcasting   | 2 |  2.3
Invocations    | 1 |  1.4
Dodging        | 3 |  3.0
Fighting       | |  1.1
Hexes          | |  3.3

Action                     |  1- 3 |  4- 6 || total
---------------------------+-------+-------++-------
   Fire: Sling             |   102 |    93 ||   195
   Cast: Slow              |     2 |       ||     2
 Invoke: Recite            |       |     1 ||     1
    Use: Potion            |       |     4 ||     4
 Armour: Robe              |    18 |    13 ||    31
  Dodge: Dodged            |    51 |    71 ||   122
